 Dungeon Crawl Stone Soup version 0.30-a0-972-gf3ab3527aa (webtiles) character file.

Game seed: 16975591794677399073

1143 IdlyInterested the Slasher (level 8, 0/60 HPs)
             Began as a Demonspawn Gladiator on Mar 31, 2023.
             Killed by vampiric draining
             ... invoked by a vampire
              (10 damage)
             ... on level 5 of the Dungeon.
             The game lasted 00:14:00 (4492 turns).

IdlyInterested the Slasher (Demonspawn Gladiator)   Turns: 4492, Time: 00:14:01

Health: 0/60       AC:  6    Str: 14    XL:     8   Next: 15%
Magic:  8/8        EV: 13    Int: 13    God:
Gold:   333        SH:  0    Dex: 16    Spells: 7/7 levels left

rFire   . . .      SeeInvis .    a - +0 long sword
rCold   . . .      Faith    .    (no shield)
rNeg    . . .      Spirit   .    h - +1 robe of the Snail {rPois Regen+ Int+2}
rPois   +          Reflect  +    (helmet restricted)
rElec   .          Rampage  .    q - +0 cloak
rCorr   .                        r - +0 pair of gloves
Will    .....                    j - +0 pair of boots
Stlth   +                        x - amulet of reflection
HPRegen 1.10/turn                (no ring)
MPRegen 0.22/turn                (no ring)

@: confused, mighty, ambrosia-drunk
A: antennae 2, hooves 2, magic regeneration
a: no special abilities


You were on level 5 of the Dungeon.
You visited 1 branch of the dungeon, and saw 5 of its levels.

You collected 333 gold pieces.

Inventory:

Hand Weapons
 a - a +0 long sword (weapon)
 k - a +0 short sword
 C - a +1 dagger of protection
Missiles
 d - 3 throwing nets
 e - 12 javelins
 f - 14 poisoned darts (quivered)
 g - 36 stones
 m - 3 curare-tipped darts
 D - a boomerang
Armour
 h - the +1 robe of the Snail (worn) {rPois Regen+ Int+2}
   (You found it on level 2 of the Dungeon)

   Int:       It affects your intelligence (+2).
   rPois:     It protects you from poison.
   Regen:     It increases your rate of health regeneration.
 j - a +0 pair of boots (worn)
 p - a +0 scale mail
 q - a +0 cloak (worn)
 r - a +0 pair of gloves (worn)
 u - a +0 chain mail
Jewellery
 w - an amulet of the acrobat
 x - an amulet of reflection (around neck)
Wands
 z - a wand of polymorph (9)
Scrolls
 c - 3 scrolls of noise {unknown}
 i - 2 scrolls of amnesia
 n - 2 scrolls of identify
 s - a scroll of teleportation
 v - a scroll of brand weapon {unknown}
 y - a scroll of fog {unknown}
 F - a scroll of immolation
 G - a scroll of vulnerability
Potions
 b - 3 potions of might
 o - a potion of attraction
 t - a potion of curing
 A - a potion of cancellation {unknown}
 B - a potion of magic {unknown}
 E - a potion of mutation {unknown}


   Skills:
 - Level 4.0 Fighting
 * Level 7.7 Long Blades
 + Level 2.3 Throwing
 - Level 1.0 Armour
 - Level 4.0 Dodging
 - Level 1.0 Stealth
 - Level 1.0 Evocations


You had 7 spell levels left.
You didn't know any spells.
Your spell library contained the following spells:

 Spells                   Type           Power      Damage    Failure   Level
 Apportation              Tloc           0%         N/A       30%         1
 Necrotise                Necr           0%         1d4       30%         1
 Slow                     Hex            0%         N/A       30%         1
 Summon Small Mammal      Summ           0%         N/A       30%         1
 Confusing Touch          Hex            0%         N/A       67%         3
 Vampiric Draining        Necr           0%         2d6       67%         3
 Conjure Ball Lightning   Conj/Air       0%         3x3d6     100%        6
 Discord                  Hex            0%         N/A       100%        8
 Disjunction              Tloc           0%         N/A       100%        8


Dungeon Overview and Level Annotations

Branches:
Dungeon (5/15)
 Temple: D:4-7

Altars:
Fedhas

Shops:
D:2 [   D:5 [


Innate Abilities, Weirdness & Mutations

You have a pair of antennae on your head.
You have hoof-like feet.
You regenerate magic rapidly.


Message History

You see here a scroll of vulnerability.
G - a scroll of vulnerability You sense a monster nearby.
An orc comes into view. It is wielding a +0 hand axe.
The helpless orc fails to defend itself.
You slash the orc!
You kill the orc!
You see here a +0 hand axe.
b - 4 potions of might (gained 1)
A quokka comes into view.
Found a whip.
The quokka misses you.
You slash the quokka!
You kill the quokka!
You see here a quokka corpse.
A vampire comes into view.
The vampire mumbles some strange words.
The vampire flickers and vanishes!
Deactivating autopickup; reactivate with Ctrl-A.
Something hits you! Something bites you.
Something draws strength from your injuries!
You feel very mighty all of a sudden. Something barely misses you.
Something bites you but does no damage.
You hit something but do no damage. Something hits you but does no damage.
Something barely misses you.
You hit something. Something hits you! Something bites you.
Something draws strength from your injuries!
You slash something! Something hits you. Something bites you.
Something draws strength from your injuries!
You closely miss something. Something hits you. Something bites you!
Something draws strength from your injuries!
You hit something. Something hits you. Something bites you!
* * * LOW HITPOINT WARNING * * *
Something draws strength from your injuries!
You slash something! Something hits you.
* * * LOW HITPOINT WARNING * * *
Something bites you but does no damage.
You are confused.
You feel invigorated. Something draws life force from you!
You die...

#####.# #.# ###### #.#
#....# #.# #....# #.###
#....# #####...#####
#....# .......†....#
#....#
............######....#
{
................@{....#
###
.....##.....#########.#
#<† .....##.....# .#
### .....##...).# ##
.....######## .....#
.... .... ############


There were no monsters in sight!

Vanquished Creatures
  Grinder (D:3)
  Sigmund (D:3)
  A black bear (D:5)
  A gnoll sergeant (D:5)
  3 scorpions
  3 killer bees (D:5)
  An orc priest (D:3)
  Jessica (D:3)
  3 orc wizards
  Terence (D:3)
  3 gnolls (D:5)
  6 adders
  A worm (D:3)
  2 dart slugs
  13 orcs
  7 ball pythons
  7 endoplasms
  A giant cockroach (D:3)
  A goblin (D:4)
  13 hobgoblins
  5 jackals (D:1)
  6 quokkas
  4 bats
  5 frilled lizards
  6 kobolds
  8 rats
104 creatures vanquished.

Vanquished Creatures (others)
  2 fungi (D:3)
  2 plants (D:3)
4 creatures vanquished.

Grand Total: 108 creatures vanquished

Notes
Turn   | Place    | Note
-------+----------+-------------------------------------------
     0 | D:1      | IdlyInterested the Demonspawn Gladiator began the quest for
                  | the Orb.
     0 | D:1      | Reached XP level 1. HP: 16/16 MP: 1/1
    82 | D:1      | Reached skill level 1 in Evocations
   109 | D:1      | Reached skill level 3 in Long Blades
   109 | D:1      | Discovered your monstrous ancestry.
   109 | D:1      | Gained mutation: You have large cloven feet. [demonic
                  | ancestry]
   109 | D:1      | Reached XP level 2. HP: 16/22 MP: 2/2
   241 | D:1      | Reached skill level 1 in Stealth
   404 | D:1      | Reached skill level 1 in Armour
   404 | D:1      | Gained mutation: You regenerate magic rapidly. [demonic
                  | ancestry]
   404 | D:1      | Reached XP level 3. HP: 27/27 MP: 3/3
   956 | D:2      | Identified the +1 robe of the Snail {rPois Regen+ Int+2}
  1178 | D:2      | You fall into a shaft and drop 1 floor!
  1325 | D:2      | Gained mutation: You have a pair of small antennae on your
                  | head. [demonic ancestry]
  1325 | D:2      | Reached XP level 4. HP: 29/33 MP: 4/4
  1397 | D:2      | Found Ironwoho's Armour Emporium.
  1705 | D:3      | Noticed Terence
  1706 | D:3      | Noticed Sigmund
  1722 | D:3      | Killed Terence
  1723 | D:3      | Reached skill level 4 in Long Blades
  1732 | D:3      | Killed Sigmund
  1733 | D:3      | Reached skill level 5 in Long Blades
  1733 | D:3      | Reached XP level 5. HP: 9/41 MP: 5/5
  1938 | D:3      | Found a blossoming altar of Fedhas.
  1966 | D:3      | Noticed Jessica
  1978 | D:3      | Killed Jessica
  1979 | D:3      | Gained mutation: You have hoof-like feet. [demonic
                  | ancestry]
  1979 | D:3      | Reached XP level 6. HP: 41/47 MP: 6/6
  2087 | D:3      | Noticed Grinder
  2102 | D:3      | Killed Grinder
  2227 | D:3      | Found a faded altar of an unknown god.
  2272 | D:3      | Reached skill level 6 in Long Blades
  2427 | D:3      | Gained mutation: You have a pair of antennae on your head.
                  | [demonic ancestry]
  2427 | D:3      | Reached XP level 7. HP: 52/52 MP: 7/7
  3882 | D:5      | Entered Level 5 of the Dungeon
  4002 | D:5      | Reached skill level 7 in Long Blades
  4184 | D:5      | Found Ronwint's Antique Armour Shop.
  4326 | D:5      | Reached XP level 8. HP: 58/60 MP: 8/8
  4492 | D:5      | Killed from afar by a vampire

Illustrated notes

Levels and vault maps discovered:
D:1:      dpeg_arrival_tiny_c, layout_rooms
D:2:      layout_loops_corners, serial_shops, shop
D:3:      layout_basic, lemuel_doored_altar, dreamdust_ecumenical_altar_grove,
          hangedman_decor_lopped, uniq_sigmund, uniq_jessica, uniq_terence,
          uniq_grinder
D:4:      nicolae_BIG_FREAKIN_CUBE, layout_basic, serial_co_window_serial,
          co_window_corner_a, co_window_paths_a, co_window_of_opportunity_a,
          co_window_paths_a, co_window_paths_b, co_window_2corner,
          co_window_2corner, co_window_cross_2, co_window_of_opportunity_b,
          co_window_cross_4, co_window_corner_ca, glass_columns_a,
          glass_columns_c, glass_columns_a
D:5:      layout_basic, serial_shops, shop

Skill      XL: |  1  2  3  4  5  6  7 |
---------------+----------------------+-----
Evocations     | 1 |  1.0
Long Blades    | 3 5 6 7 |  7.7
Stealth        | 1 |  1.0
Armour         | 1 |  1.0
Dodging        | 3 4 |  4.0
Fighting       | 3 4 |  4.0
Throwing       | 2 |  2.3

Action                     |  1- 3 |  4- 6 |  7- 9 || total
---------------------------+-------+-------+-------++-------
  Melee: Long sword        |   115 |    90 |   226 ||   431
         Kick              |     4 |       |       ||     4
         Punch             |     1 |     1 |     5 ||     7
  Throw: Dart              |       |     2 |    17 ||    19
         Throwing net      |       |     1 |       ||     1
         Javelin           |       |       |     4 ||     4
    Use: Scroll            |     5 |     2 |       ||     7
         Potion            |       |       |     3 ||     3
   Stab: Sleeping          |     1 |     1 |     4 ||     6
         Held in net/web   |       |     2 |       ||     2
 Armour: Leather armour    |    26 |       |       ||    26
         Robe              |     7 |    20 |    76 ||   103
  Dodge: Dodged            |    83 |    78 |   141 ||   302
  Block: Other             |       |       |    54 ||    54
         Reflection        |       |       |     2 ||     2

Table legend: (Time is in decaauts)
 A = Elapsed time spent in this place.
 B = Non-inter-level travel time spent in this place.
 C = Inter-level travel time spent in this place.
 D = Time resting spent in this place.
 E = Time spent auto-exploring this place.
 F = Levels seen in this place.
 G = Mean time per level.
                   A        B        C        D        E       F      G
               +--------+--------+--------+--------+--------+-----+--------+
         Total |   4551 |   3950 |    601 |    102 |   2287 |   5 |  910.2 |
       Dungeon |   4551 |   3950 |    601 |    102 |   2287 |   5 |  910.2 |
               +--------+--------+--------+--------+--------+-----+--------+

Top non-repeatable levels by time:
     D:4: 1323 daAuts
     D:2: 1073 daAuts
     D:3: 902 daAuts
     D:1: 760 daAuts
     D:5: 491 daAuts
